 Dungeon Crawl Stone Soup version 0.19-a0-1903-gead39cf (webtiles) character file.

138 JeffiDaFish the Skirmisher (level 5, -4/46 HPs)
             Began as a Hill Orc Fighter on Oct 20, 2016.
             Slain by Grinder (5 damage)
             ... on level 3 of the Dungeon.
             The game lasted 00:07:33 (2271 turns).

JeffiDaFish the Skirmisher (Hill Orc Fighter)       Turns: 2271, Time: 00:07:34

Health: -4/46      AC:  7    Str: 29    XL:     5   Next: 21%
Magic:  14/14      EV:  8    Int:  8    God:
Gold:   169        SH: 11    Dex: 10    Spells: 0 memorised, 4 levels left

rFire  . . .     SeeInvis .     a - +2 long sword
rCold  . . .     Gourm    .     b - +0 scale mail
rNeg   . . .     Faith    .     c - +1 shield
rPois  .         Spirit   .     (no helmet)
rElec  .         Reflect  .     (no cloak)
rCorr  .         Harm     .     (no gloves)
MR     .....     Rnd*Rage +     (no boots)
Stlth  ..........               (no amulet)
                                k - ring of magical power (curse)
                                e - ring of wizardry

@: mighty
A: berserk 1, strong 2
a: no special abilities


You were on level 3 of the Dungeon.
You were not hungry.

You visited 1 branch of the dungeon, and saw 3 of its levels.

You collected 169 gold pieces.

Inventory:

Hand Weapons
 a - a +2 long sword (weapon)
Armour
 b - a +0 scale mail (worn)
 c - a +1 shield (worn)
Jewellery
 e - a ring of wizardry (left hand)
 k - a cursed ring of magical power (right hand)
Wands
 j - a wand of slowing (25/48)
Scrolls
 h - 2 scrolls of blinking
 n - 2 scrolls of teleportation
Potions
 d - 2 potions of might
 l - 2 potions of resistance
Comestibles
 f - 3 bread rations
 g - 4 chunks of flesh
 i - 4 meat rations
 m - 10 fruits


   Skills:
 + Level 4.2 Fighting
 + Level 3.9 Long Blades
 + Level 3.9 Armour
 + Level 0.8 Dodging
 + Level 0.5 Stealth
 + Level 4.0 Shields


You had 4 spell levels left.
You didn't know any spells.

Dungeon Overview and Level Annotations

Branches:
Dungeon (3/15)

Altars:
Fedhas

Annotations:
D:3 Grinder


Innate Abilities, Weirdness & Mutations

You tend to lose your temper in combat.
Your muscles are very strong. (Str +4)


Message History

You are too injured to fight recklessly!
You are too injured to fight recklessly!
It was a potion of heal wounds.
You feel much better. Grinder gestures at you. Pain shoots through your body!
* * * LOW HITPOINT WARNING * * *
You feel very mighty all of a sudden. You block Grinder's attack.
You closely miss Grinder.
Grinder is moderately wounded.
Grinder hits you.
* * * LOW HITPOINT WARNING * * *
You writhe in agony.
* * * LOW HITPOINT WARNING * * *
You hit Grinder.
Grinder is heavily wounded.
You block Grinder's attack. Grinder hits you.
* * * LOW HITPOINT WARNING * * *
You writhe in agony.
You die...

******* ******* *,,,,,* *,,,,,*
*********,***,******,***,#
,,,,,,,**,* *,,,,,,,,* *.#
******,**,* ********,###.#
*,**,* *,....*
*,**,*###########.#**
*,**,*#....@5.....#
*,**,*#.########..#
******,**,**,* #..#
,,,,**,**,**,* #####..#
***,**,**,**,* #......#
*,,,,**,**,* #.###.##
*,*,,**,**,* #.# #.#
*,,,,**,*#.####.###.#
*,>,,,,,*#..........#####******


You could see Grinder.

Vanquished Creatures
  Jessica (D:3)
  Robin (D:3)
  3 adders
  A worm (D:2)
  A dart slug (D:2)
  2 leopard geckos
  An orc (D:3)
  17 goblins
  10 hobgoblins
  6 jackals
  A ball python (D:3)
  6 bats
  3 frilled lizards
  3 kobolds
  9 rats
65 creatures vanquished.

Notes
Turn   | Place    | Note
-------+----------+-------------------------------------------
     0 | D:1      | JeffiDaFish the Hill Orc Fighter began the quest for the Orb.
     0 | D:1      | Reached XP level 1. HP: 19/19 MP: 1/1
   312 | D:1      | Reached XP level 2. HP: 26/27 MP: 2/2
   802 | D:2      | Reached XP level 3. HP: 33/33 MP: 3/3
  1273 | D:2      | Gained mutation: You tend to lose your temper in combat. [potion of mutation]
  1273 | D:2      | Gained mutation: Your muscles are strong. (Str +2) [potion of mutation]
  1273 | D:2      | Gained mutation: Your muscles are very strong. (Str +4) [potion of mutation]
  1386 | D:2      | Found a blossoming altar of Fedhas.
  1392 | D:2      | Reached XP level 4. HP: 39/40 MP: 4/4
  2007 | D:3      | Noticed Robin
  2037 | D:3      | Killed Robin
  2234 | D:3      | Noticed Jessica
  2237 | D:3      | Killed Jessica
  2237 | D:3      | Reached XP level 5. HP: 46/46 MP: 5/5
  2252 | D:3      | Noticed Grinder
  2271 | D:3      | HP: 1/46 [Grinder (5)]
  2271 | D:3      | Slain by Grinder

Vault maps used:
D:1:      tarquinn_simple_flora_water_a
D:2:      first_bread, minmay_misc_feat_iff, fedhas_altar_fruit_tree
D:3:      uniq_grinder, uniq_robin, uniq_jessica

Skill      XL: |  1  2  3  4 |
---------------+-------------+-----
Fighting       | 4 |  4.2
Long Blades    | 3 |  3.9
Shields        | 4 |  4.0
Armour         | |  3.9
Dodging        | |  0.8
Stealth        | |  0.5

Action                   |  1- 3 |  4- 6 || total
-------------------------+-------+-------++-------
Melee: Long sword        |   111 |   101 ||   212
  Use: Potion            |     4 |     3 ||     7
       Scroll            |     7 |     2 ||     9
  Eat: Chunk             |     2 |     3 ||     5
Armor: Scale mail        |    52 |    41 ||    93
Dodge: Dodged            |    37 |    28 ||    65
Block: Shield            |    68 |    52 ||   120
       Rpst.: Long sword |    11 |     9 ||    20
